 Dungeon Crawl Stone Soup version 0.26-a0-652-gafc20e3620 (webtiles) character file.

Game seed: 15278978998092556862

73 marklar909 the Sneak (level 4, -3/27 HPs)
             Began as a Kobold Brigand on Oct 3, 2020.
             Killed from afar by an orc wizard (8 damage)
             ... with a magic dart
             ... on level 3 of the Dungeon.
             The game lasted 00:02:50 (2342 turns).

marklar909 the Sneak (Kobold Brigand)               Turns: 2342, Time: 00:02:50

Health: -3/27      AC:  3    Str:  9    XL:     4   Next: 51%
Magic:  4/4        EV: 15    Int: 12    God:
Gold:   71         SH:  0    Dex: 16    Spells: 3/3 levels left

rFire    . . .     SeeInvis .   a - +2 dagger
rCold    . . .     Faith    .   (shield restricted)
rNeg     . . .     Spirit   .   b - +0 robe
rPois    .         Reflect  .   (no helmet)
rElec    .         Harm     .   c - +0 cloak
rCorr    .         Rampage  .   (no gloves)
MR       .....                  (no boots)
Stlth    ++++......             (no amulet)
HPRegen  0.09/turn              (no ring)
MPRegen  0.09/turn              (no ring)

@: no status effects
A: small, nightstalker 3
a: no special abilities


You were on level 3 of the Dungeon.
You visited 1 branch of the dungeon, and saw 3 of its levels.

You collected 71 gold pieces.

Inventory:

Hand Weapons
 a - a +2 dagger (weapon)
Missiles
 d - 8 poisoned darts (quivered)
Armour
 b - a +0 robe (worn)
 c - a +0 cloak (worn)
Scrolls
 h - a scroll of teleportation
 i - a scroll of identify {unknown}
 k - a scroll of noise {unknown}
Potions
 g - a potion of stabbing {unknown}
 j - a potion of haste {unknown}
 l - a potion of might {unknown}


   Skills:
 * Level 2.8 Fighting
 * Level 3.7 Short Blades
 + Level 2.3 Throwing
 * Level 1.9 Dodging
 + Level 6.4 Stealth


You had 3 spell levels left.
You didn't know any spells.
Your spell library was empty.

Dungeon Overview and Level Annotations

Branches:
Dungeon (3/15)

Altars:

Annotations:
D:2 Natasha


Innate Abilities, Weirdness & Mutations

You are small and have problems with some larger weapons.
You are completely attuned to the shadows.


Message History

You feel better. The orc priest barely misses you.
The orc wizard points at you and mumbles some strange words.
The magic dart hits you!
* * * LOW HITPOINT WARNING * * *
You feel better.
The orc priest hits you with a cursed -3 club.
The orc wizard completely misses you.
You aren't carrying any items that you can evoke.
The orc priest misses you.
The orc wizard hits you with a +0 dagger.
* * * LOW HITPOINT WARNING * * *
You climb downwards.
There is a stone staircase leading up here.
You see here 4 stones.
The orc priest calls down the wrath of Beogh upon you.
Pain shoots through your body!
* * * LOW HITPOINT WARNING * * *
The orc wizard casts a spell at you. The magic dart hits you!
You die...

#.......
#........
#........
#.....#
####)...#
.o..o#@##
.##..#.#
.....#o###
##....<[.#
#...).....
#.#.####..
#.#.# . #.


You could see an orc wizard.

Vanquished Creatures
  2 adders (D:2)
  2 oozes
  A worm (D:2)
  3 orcs
  A giant cockroach (D:1)
  2 hobgoblins (D:1)
  5 jackals (D:2)
  2 ball pythons
  5 bats
  2 frilled lizards (D:1)
  7 goblins
  4 kobolds
  7 rats
43 creatures vanquished.

Notes
Turn   | Place    | Note
-------+----------+-------------------------------------------
     0 | D:1      | marklar909 the Kobold Brigand began the quest for the Orb.
     0 | D:1      | Reached XP level 1. HP: 12/12 MP: 1/1
    35 | D:1      | Reached XP level 2. HP: 17/18 MP: 2/2
   194 | D:1      | Reached skill level 6 in Stealth
   280 | D:1      | Reached XP level 3. HP: 22/22 MP: 3/3
   690 | D:2      | Noticed Natasha
  1741 | D:2      | Reached XP level 4. HP: 27/27 MP: 4/4
  2333 | D:2      | HP: 1/27 [orc wizard/magic dart (8)]
  2342 | D:3      | Killed from afar by an orc wizard

Illustrated notes

Levels and vault maps discovered:
D:1:      scummos_arrival_simple_crosswalls, layout_basic
D:2:      layout_basic, uniq_natasha
D:3:      minmay_angry_zag, layout_rooms,
          chequers_ecumenical_altar_simple_redux, minmay_ogre_servants

Skill      XL: |  1  2  3 |
---------------+----------+-----
Stealth        | 6 |  6.4
Short Blades   | 3 |  3.7
Fighting       | |  2.8
Throwing       | |  2.3
Dodging        | |  1.9

Action                   |  1- 3 |  4- 6 || total
-------------------------+-------+-------++-------
Melee: Dagger            |    70 |    39 ||   109
Throw: Dart              |     9 |     2 ||    11
  Use: Potion            |       |     3 ||     3
       Scroll            |       |     1 ||     1
 Stab: Sleeping          |    20 |     2 ||    22
Armor: Robe              |    16 |     6 ||    22
Dodge: Dodged            |    51 |    27 ||    78

Table legend: (Time is in decaauts)
 A = Elapsed time spent in this place.
 B = Non-inter-level travel time spent in this place.
 C = Inter-level travel time spent in this place.
 D = Time resting spent in this place.
 E = Time spent auto-exploring this place.
 F = Levels seen in this place.
 G = Mean time per level.
                   A        B        C        D        E       F      G
               +--------+--------+--------+--------+--------+-----+--------+
         Total |   2326 |   2238 |     88 |    813 |   1120 |   3 |  775.3 |
       Dungeon |   2326 |   2238 |     88 |    813 |   1120 |   3 |  775.3 |
               +--------+--------+--------+--------+--------+-----+--------+

Top non-repeatable levels by time:
     D:2: 1610 daAuts
     D:1: 689 daAuts
     D:3: 26 daAuts
